 Dungeon Crawl Stone Soup version 0.31.0-9-g3a7656b989 (webtiles) character file.

Game seed: 8918288625622350209

88 qw the Shooter (level 4, -1/22 HPs)
             Began as a Spriggan Hunter on Feb 2, 2024.
             Constricted to death by Ijyb (6 damage)
             ... on level 3 of the Dungeon.
             The game lasted 00:00:07 (1526 turns).

qw the Shooter (Spriggan Hunter)                    Turns: 1526, Time: 00:00:07

Health: -1/22      AC:  3    Str:  7    XL:     4   Next: 29%
Magic:  5/5        EV: 16    Int: 10    God:
Gold:   57         SH:  0    Dex: 20    Spells: 3/3 levels left

rFire   + . .        a - +2 shortbow
rCold   . . .        (shield currently unavailable)
rNeg    . . .        c - +0 robe
rPois   .            (helmet restricted)
rElec   .            b - +0 cloak
rCorr   .            (gloves unavailable)
SInv    +            (boots unavailable)
Will    .....        n - amulet of regeneration
Stlth   ++           i - ring of protection from fire
HPRegen 1.03/turn    (no ring)
MPRegen 0.09/turn

%: no passive effects
@: about to teleport, grasped by roots, constricted, very quick
A: very small, no large weapons, unfitting armour, see invisible, speed 3
a: no special abilities


You were on level 3 of the Dungeon.
You visited 1 branch of the dungeon, and saw 3 of its levels.

You collected 129 gold pieces.
You spent 72 gold pieces at shops.


Innate Abilities, Weirdness & Mutations

You are very small and have problems with some larger weapons.
You are too small for most types of armour.
You have supernaturally acute eyesight. (SInv)
You cover ground extremely quickly. (Speed+++)


   Skills:
 - Level 1.5 Fighting
 - Level 5.1 Ranged Weapons
 + Level 4.5 Dodging
 - Level 1.5 Stealth


You had 3 spell levels left.
You didn't know any spells.
Your spell library was empty.

Inventory:

Hand Weapons
 a - a +2 shortbow (weapon)
Armour
 b - a +0 cloak (worn)
 c - a +0 robe (worn)
Jewellery
 d - a +5 ring of evasion
 i - a ring of protection from fire (left hand)
 n - an amulet of regeneration (around neck)
Scrolls
 m - 2 scrolls of teleportation
Potions
 e - a potion of haste {unknown}

Dungeon Overview and Level Annotations

Branches:
Dungeon (3/15)

Altars:

Shops:
D:1 ?

Annotations:
D:3 Ijyb


Message History

You see here a staff of fire.
Found a helmet.
You see here a +0 helmet.
Found a book of Blood.
You now have 57 gold pieces (gained 11).
Ijyb the Twisted Goblin comes into view.
She is wielding a +0 dagger and carrying a wand of roots.
Ijyb shouts!
Ijyb screams, "I dance on your bones!"
Ijyb zaps a wand.
The roots erupt in riotous growth!
The grasping roots grab you! The grasping roots constrict you!
You shoot an arrow. The arrow misses Ijyb.
The grasping roots constrict you.
You shoot an arrow. The arrow barely misses Ijyb.
The grasping roots constrict you.
You shoot an arrow. The arrow closely misses Ijyb.
The grasping roots constrict you.
The grasping roots release their grip on you.
You shoot an arrow. The arrow hits Ijyb.
Ijyb is lightly wounded.
Ijyb hits you with a +0 dagger. Ijyb completely misses you.
You shoot an arrow. The arrow hits Ijyb!
Ijyb is heavily wounded.
Ijyb misses you.
You shoot an arrow. The arrow completely misses Ijyb.
Ijyb hits you with a +0 dagger.
You shoot an arrow. The arrow hits Ijyb.
Ijyb is heavily wounded.
Ijyb screams, "Me very upset!"
Ijyb hits you with a +0 dagger.
You shoot an arrow. The arrow hits Ijyb!
Ijyb is almost dead.
Ijyb zaps a wand.
The roots erupt in riotous growth!
The grasping roots grab you!
Ijyb is unaffected.
The grasping roots constrict you.
1526 ||| READING 3 scrolls of teleportation.
As you read the scroll of teleportation, it crumbles to dust.
You feel strangely unstable. Ijyb barely misses you.
The grasping roots constrict you.
You die...

##### .... ..#
. #####.# ...
#...#g###.....
#.....@.......
#...#.########
###.#.#
#.#.#.#
#.#.#.#
#.#.#.#
#.#.#.#
#...#.#
#...#.#


You could see Ijyb.

Vanquished Creatures
  A gnoll (D:1)
  An adder (D:2)
  A ribbon worm (D:2)
  2 dart slugs (D:1)
  2 orcs (D:3)
  7 endoplasms
  4 goblins
  3 hobgoblins
  12 jackals
  2 quokkas (D:1)
  5 ball pythons (D:1)
  2 bats (D:1)
  4 frilled lizards
  6 kobolds
  3 rats (D:1)
55 creatures vanquished.

Notes
Turn   | Place    | Note
-------+----------+-------------------------------------------
     0 | D:1      | qw the Spriggan Hunter began the quest for the Orb.
     0 | D:1      | Reached XP level 1. HP: 10/10 MP: 2/2
     0 | D:1      | 0 ||| qw: Version: 0.3-a-155-g5e7d8dd
     0 | D:1      | 0 ||| qw: Game counter: 1906
     0 | D:1      | 0 ||| qw: Melee chars always use a shield: true
     0 | D:1      | 0 ||| qw: God list: Okawaru
     0 | D:1      | 0 ||| qw: Allow faded altars: false
     0 | D:1      | 0 ||| qw: Do Orc after clearing Dungeon:15 true
     0 | D:1      | 0 ||| qw: Do second Lair branch before Depths: true
     0 | D:1      | 0 ||| qw: Lair rune preference: random
     0 | D:1      | 0 ||| qw: Goals: Normal
     0 | D:1      | 0 ||| PLANNING D:1-11
    37 | D:1      | Reached skill level 3 in Dodging
    62 | D:1      | HP: 2/10 [jackal (2)]
    64 | D:1      | Reached XP level 2. HP: 3/14 MP: 3/3
   266 | D:1      | Reached XP level 3. HP: 18/18 MP: 4/4
   323 | D:1      | Found Pousmooho's Magic Scroll Shop.
   334 | D:1      | 334 ||| SHOPLISTING scroll of brand weapon (114 gold, have
                  | 74).
   334 | D:1      | 334 ||| SHOPLISTING scroll of enchant armour (90 gold, have
                  | 74).
   334 | D:1      | 334 ||| SHOPLISTING scroll of enchant weapon (90 gold, have
                  | 74).
   334 | D:1      | 334 ||| BUYING scroll of teleportation (36 gold).
   334 | D:1      | Bought a scroll of teleportation for 36 gold pieces
   334 | D:1      | 334 ||| BUYING scroll of teleportation (36 gold).
   334 | D:1      | Bought a scroll of teleportation for 36 gold pieces
   526 | D:1      | 526 ||| UPGRADING to amulet of regeneration.
   531 | D:1      | 531 ||| UPGRADING to ring of protection from fire.
   532 | D:1      | 532 ||| READING scroll labelled DENLOADEAN.
   533 | D:1      | 533 ||| READING scroll labelled WIDAOP BOIFUECO.
   541 | D:1      | 541 ||| READING scroll labelled QAIBRYE WOXZI.
   541 | D:1      | 541 ||| IDENTIFYING fuming pink potion
   542 | D:1      | 542 ||| READING 2 scrolls labelled SOIDABR ICLU.
   543 | D:1      | 543 ||| READING 2 scrolls labelled XIYHEJUFAU.
   543 | D:1      | 543 ||| ENCHANTING +0 shortbow.
   544 | D:1      | 544 ||| READING scroll of enchant weapon.
   544 | D:1      | 544 ||| ENCHANTING +1 shortbow.
   545 | D:1      | 545 ||| READING scroll labelled XEHEID MOBOEDGH.
   646 | D:1      | 646 ||| READING scroll labelled RUCURO DOZ FAE.
   647 | D:1      | 647 ||| DROPPING scroll of butterflies.
   648 | D:1      | 648 ||| DROPPING scroll of revelation.
   649 | D:1      | 649 ||| DROPPING potion of lignification.
   753 | D:2      | Found a faded altar of an unknown god.
   763 | D:2      | Reached skill level 5 in Ranged Weapons
   804 | D:2      | Reached XP level 4. HP: 22/22 MP: 5/5
  1297 | D:2      | 1297 ||| UPGRADING to +0 cloak.
  1302 | D:2      | 1302 ||| READING scroll labelled JIXKEYFOTEA.
  1303 | D:2      | 1303 ||| DRINKING 2 emerald potions.
  1304 | D:2      | 1304 ||| DROPPING potion of attraction.
  1309 | D:3      | 1309 ||| STAIRDANCE
  1435 | D:3      | Noticed a sky beast
  1517 | D:3      | Noticed Ijyb
  1525 | D:3      | HP: 4/22 [constriction (3)]
  1526 | D:3      | 1526 ||| READING 3 scrolls of teleportation.
  1526 | D:3      | Constricted to death by Ijyb

Levels and vault maps discovered:
D:1:      eino_arrival_water_star, layout_rooms, serial_shops,
          nicolae_shop_tiny_glass, minmay_split_cup_small
D:2:      layout_basic, shapermc_ecumenical_altar_starsandcircs
D:3:      minmay_inner_zag, layout_basic, lightli_corner_chamber, uniq_natasha,
          uniq_crazy_yiuf_cottage, uniq_ijyb

Skill      XL: |  1  2  3 |
---------------+----------+-----
Dodging        | 3 4 |  4.5
Ranged Weapons | 5 |  5.1
Fighting       | |  1.5
Stealth        | |  1.5

Action                     |  1- 3 |  4- 6 || total
---------------------------+-------+-------++-------
   Fire: Shortbow          |   118 |    37 ||   155
    Use: Scroll            |     8 |     2 ||    10
         Potion            |       |     1 ||     1
 Armour: Robe              |    19 |     6 ||    25
  Dodge: Dodged            |    71 |    18 ||    89

Table legend:
 A = Non-vault XP
 B = Vault XP
 C = Vault XP percentage of total XP
 D = Non-vault monster count
 E = Vault monster count
 F = Vault count percentage of total count
                 A         B        C        D         E       F
            +---------+---------+-------+---------+---------+-------
      Total |     108 |      18 |  14.3 |      52 |       3 |   5.5
            +---------+---------+-------+---------+---------+-------
        D:1 |      55 |      18 |  24.7 |      32 |       3 |   8.6
        D:2 |      42 |       0 |   0.0 |      15 |       0 |   0.0
        D:3 |      11 |       0 |   0.0 |       5 |       0 |   0.0
            +---------+---------+-------+---------+---------+-------
